 Dungeon Crawl Stone Soup version 0.18.1-50-g88ac8fd (webtiles) character file.

8 Amnesiac the Charlatan (level 2, -2/14 HPs)
             Began as a Vine Stalker Artificer on July 6, 2018.
             Killed from afar by a dart slug (4 damage)
             ... with a slug dart
             ... on level 2 of the Dungeon.
             The game lasted 00:00:30 (208 turns).

Amnesiac the Charlatan (Vine Stalker Artificer)      Turns: 208, Time: 00:00:30

Health: -2/14      AC:  3    Str: 13    XL:     2   Next: 8%
Magic:  0/5        EV: 11    Int: 12    God:
Gold:   25         SH:  0    Dex: 14    Spells: 0 memorised, 1 level left

rFire  . . .     SeeInvis .     a - +0 short sword
rCold  . . .     Gourm    .     b - +0 leather armour
rNeg   . . .     Faith    .     (no shield)
rPois  .         Spirit   +     (no helmet)
rElec  .         Dismiss  .     (no cloak)
rCorr  .         Reflect  .     (no gloves)
SustAt .         Harm     .     (no boots)
MR     .....                    (no amulet)
Stlth  ++........               (no ring)
                                (no ring)

@: not resistant to hostile enchantments, unstealthy
A: fangs 2, regeneration 1, magic shield, antimagic bite, no device heal 3, rot
immunity
a: no special abilities


You were on level 2 of the Dungeon.
You were not hungry.

You visited 1 branch of the dungeon, and saw 2 of its levels.

You collected 25 gold pieces.

Inventory:

Hand Weapons
 a - a +0 short sword (weapon)
Armour
 b - a +0 leather armour (worn)
Wands
 c - a wand of flame (15/48)
 d - a wand of enslavement (15/24)
 e - a wand of random effects (15/48)
Scrolls
 g - a scroll of enchant weapon {!r, unknown}
 k - a scroll of identify {!r, unknown}
Potions
 h - 2 potions of berserk rage {!q, unknown}
 i - 2 potions of curing {!q, unknown}
 j - 2 potions of flight {!q, unknown}
Comestibles
 f - a bread ration


   Skills:
 - Level 0.8 Fighting
 + Level 1.3 Short Blades
 - Level 1.5 Dodging
 - Level 1.2 Stealth
 - Level 3.0 Evocations


You had one spell level left.
You didn't know any spells.

Dungeon Overview and Level Annotations

Branches:
Dungeon (2/15)

Altars:


Innate Abilities, Weirdness & Mutations

You have extremely sharp teeth.
Your natural rate of healing is unusually fast.
When hurt, damage is shared between your health and your magic reserves.
Your bite disrupts and absorbs the magic of your enemies.
Potions and wands cannot restore your health.
You are immune to rotting.


Message History

There is a stone staircase leading down here.
You climb downwards.
Found a short sword and 14 stones.
There is a stone staircase leading up here.
A goblin and a kobold come into view.
The kobold shouts!
Found 26 arrows.
The goblin shouts!
Found 13 arrows.
The goblin is too close now for your liking.
A kobold is nearby!
A rat comes into view.
The goblin hits you with a club. The kobold hits you.
* * * LOW HITPOINT WARNING * * *
A dart slug comes into view.
You closely miss the goblin. The kobold barely misses you.
The goblin hits you but does no damage.
You barely miss the goblin. The kobold closely misses you.
The goblin barely misses you.
You hit the goblin.
The goblin is severely wounded.
The kobold hits you.
* * * LOW HITPOINT WARNING * * *
The goblin hits you with a club.
* * * LOW HITPOINT WARNING * * *
The kobold barely misses you.
You are too injured to fight recklessly!
There is a stone staircase leading up here.
There are monsters nearby!
You barely miss the goblin.
The goblin is heavily wounded.
The goblin hits you but does no damage.
You closely miss the goblin.
The goblin is heavily wounded.
The goblin hits you with a club.
* * * LOW HITPOINT WARNING * * *
You hit the goblin.
You kill the goblin!
You have reached level 2!
You miss the kobold. You bite the kobold. You drain its power.
You feel invigorated.
The kobold is moderately wounded.
The kobold hits you.
The rat twitches its whiskers.
You hit the kobold.
You kill the kobold!
You hit the rat.
You kill the rat!
The dart slug bites you.
* * * LOW HITPOINT WARNING * * *
Things that are here:
a club; a kobold corpse; a goblin corpse You hit the dart slug but do no damage.
You hit the dart slug.
The dart slug is moderately wounded.
The dart slug bites you but does no damage.
You hit the dart slug but do no damage.
The dart slug is moderately wounded.
The dart slug bites you but does no damage.
You hit the dart slug but do no damage.
The dart slug is moderately wounded.
The dart slug launches a dart at you. The slug dart hits you!
You die...

##.#### .... #.....#
#####....
#...#.###.........
#.........#...(...
.......##.#....... #
#......#..#.... #.##
#.(...r........ .....
#.w#...#...#..#
#...).#@##.....w.....
.......<##.###.......
#.##..#.##.# ......#
#..#.##(# #.....# ...
.....# ..#... ....
###### ..# ## .#.# ##
#.


You could see a dart slug.

Vanquished Creatures
  2 goblins
  2 hobgoblins (D:1)
  A bat (D:1)
  2 kobolds
  A rat (D:2)
8 creatures vanquished.

Vanquished Creatures (others)
  A bat (D:1)
1 creature vanquished.

Grand Total: 9 creatures vanquished

Notes
Turn   | Place    | Note
--------------------------------------------------------------
     0 | D:1      | Amnesiac the Vine Stalker Artificer began the quest for the Orb.
     0 | D:1      | Reached XP level 1. HP: 9/9 MP: 3/3
    60 | D:1      | Reached skill level 3 in Evocations
   151 | D:1      | Reached skill level 1 in Short Blades
   200 | D:2      | Reached XP level 2. HP: 1/14 MP: 1/5
   208 | D:2      | Killed from afar by a dart slug

Skill      XL: |  1 |
---------------+----+-----
Evocations     | 3 |  3.0
Short Blades   | 1 |  1.3
Fighting       | |  0.8
Dodging        | |  1.5
Stealth        | |  1.2

Action                   || total
-------------------------++-------
Melee: Short sword       ||    26
       Bite              ||     3
Armor: Leather armour    ||     4
Dodge: Dodged            ||    13
